 Dungeon Crawl Stone Soup version 0.27.0-1-g7a089689b8 (webtiles) character file.

Game seed: 13251873818081156345

1549 dtburroughs the Skirmisher (level 8, -3/52 HPs)
             Began as a Gargoyle Berserker on July 31, 2021.
             Was an Elder of Trog.
             Slain by a skeletal warrior (5 damage)
             ... led by a skeletal warrior
             ... on level 7 of the Dungeon.
             The game lasted 00:14:01 (8611 turns).

dtburroughs the Skirmisher (Gargoyle Berserker)     Turns: 8611, Time: 00:14:02

Health: -3/52      AC: 28    Str: 23    XL:     8   Next: 87%
Magic:  8/8        EV: 12    Int:  7    God:    Trog [****..]
Gold:   226        SH:  0    Dex: 19    Spells: 7/7 levels left

rFire    . . .     SeeInvis .   t - +1 mace (protect)
rCold    . . .     Faith    .   (no shield)
rNeg     + . .     Spirit   .   q - +5 scale mail of Beogh's Generosity {Dex+6}
rPois    ∞         Reflect  .   o - +0 helmet
rElec    +         Harm     .   (no cloak)
rCorr    .         Rampage  .   d - +1 pair of gloves {Dex+3}
Will     .....                  (no boots)
Stlth    ..........             (no amulet)
HPRegen  0.17/turn              (no ring)
MPRegen  0.11/turn              (no ring)

@: under a protective aura, on berserk cooldown, slowed, very slow
A: sickness immunity, AC +5, negative energy resistance 1, electricity
resistance, torment resistance 1, petrification resistance
a: Renounce Religion, Berserk, Trog's Hand, Brothers in Arms


You were on level 7 of the Dungeon.
You worshipped Trog.
Trog was greatly pleased with you.
You visited 1 branch of the dungeon, and saw 7 of its levels.
You also visited: Sewer.

You collected 226 gold pieces.

Inventory:

Hand Weapons
 a - a +0 mace
 k - a +0 war axe
 t - a +1 mace of protection (weapon)
Armour
 d - a +1 pair of gloves of dexterity (worn)
 o - a +0 helmet (worn)
 q - the +5 scale mail of Beogh's Generosity (worn) {Dex+6}
   (You found it on level 4 of the Dungeon)

   Dex:       It affects your dexterity (+6).
 A - the +1 ring mail of Goares {+Inv rElec Dex+4}
   (You found it on level 6 of the Dungeon)

   Dex:       It affects your dexterity (+4).
   rElec:     It insulates you from electricity.
   +Inv:      It lets you turn invisible.
Jewellery
 z - a ring of protection from fire
Wands
 s - a wand of flame (24)
 x - a wand of paralysis (7)
Scrolls
 b - a scroll of enchant armour {unknown}
 g - 3 scrolls of noise {unknown}
 h - 3 scrolls of teleportation {unknown}
 i - a scroll of fear {unknown}
 j - a scroll of vulnerability {unknown}
 m - 4 scrolls of identify {unknown}
 n - 4 scrolls of magic mapping {unknown}
 u - a scroll of immolation {unknown}
 v - a scroll of brand weapon {unknown}
 w - 2 scrolls of amnesia {unknown}
 C - a scroll of acquirement {unknown}
Potions
 c - a potion of flight {unknown}
 e - 6 potions of curing {unknown}
 f - 2 potions of brilliance {unknown}
 l - 2 potions of lignification {unknown}
 p - 2 potions of degeneration {unknown}
 r - a potion of berserk rage {unknown}
 B - 2 potions of haste {unknown}
Miscellaneous
 y - a box of beasts


   Skills:
 * Level 6.5 Fighting
 + Level 2.1(4.1) Axes
 * Level 6.0(6.2) Maces & Flails
 + Level 5.3 Armour
 * Level 4.5 Dodging
 + Level 2.1 Evocations


You had 7 spell levels left.
You didn't know any spells.
Your spell library was empty.

Dungeon Overview and Level Annotations

Branches:
Dungeon (7/15)             Temple (0/1) D:5           Sewer (visited)

Altars:
Cheibriados
Fedhas
Ru
Uskayaw
Vehumet

Shops:
D:4 *


Innate Abilities, Weirdness & Mutations

You are immune to sickness and miasma.
Your stone body is resilient. (AC +5)
You are immune to poison.
You resist negative energy. (rN+)
You are resistant to electric shocks. (rElec)
You are resistant to unholy torment.
You are immune to petrification.


Message History

You hit the skeletal warrior but do no damage.
The skeletal warrior is severely damaged.
The skeletal warrior hits you but does no damage.
You hit the skeletal warrior.
The skeletal warrior is severely damaged.
You closely miss the skeletal warrior.
The skeletal warrior is severely damaged.
The skeletal warrior hits you but does no damage.
You hit the skeletal warrior but do no damage.
The skeletal warrior is severely damaged.
The skeletal warrior hits you with a +0 halberd!!
You hit the skeletal warrior but do no damage.
The skeletal warrior is severely damaged.
You are no longer berserk.
You are exhausted.
You feel yourself slow down. The skeletal warrior barely misses you.
You sock the skeletal warrior!
The skeletal warrior is almost destroyed.
Your skin stops crawling.
You feel less strong-willed.
The skeletal warrior hits you but does no damage.
You barely miss the skeletal warrior.
The skeletal warrior is almost destroyed.
The skeletal warrior completely misses you.
The skeletal warrior hits you with a +0 halberd.
You hit the skeletal warrior but do no damage.
The skeletal warrior is almost destroyed.
The skeletal warrior hits you with a +0 halberd!
* * * LOW HITPOINT WARNING * * *
The skeletal warrior hits you with a +0 halberd!
* * * LOW HITPOINT WARNING * * *
You sock the skeletal warrior!
The skeletal warrior is almost destroyed.
The skeletal warrior hits you but does no damage.
You hit the skeletal warrior but do no damage.
The skeletal warrior is almost destroyed.
The skeletal warrior hits you but does no damage. x2
The skeletal warrior hits you from afar with a +0 halberd.
* * * LOW HITPOINT WARNING * * *
The skeletal warrior hits you from afar with a +0 halberd.
You die...

..## ...###.
...!... ..... ##
..z. #. ##..#
#.## #..#
##.@#####.#
#....z....##
#...####...#
#....## #...##
..##.# #....## #
# #.. #.##..###
##. #...
#.###...##...
#...
.###.####.......
##
................


You could see a skeletal warrior.

Vanquished Creatures
  A wyvern (D:5)
  Eustachio (D:4)
  3 bullfrogs
  2 scorpions
  A wyvern zombie (D:7)
  A centaur zombie (D:6)
  A gnoll shaman (D:5)
  2 hounds
  4 jellies
  4 iguanas
  7 orc wizards
  A killer bee zombie (D:5)
  5 gnolls (D:5)
  13 adders
  A shadow imp (D:5)
  An ufetubus (D:4)
  An adder skeleton (D:4)
  4 worms
  2 dart slugs
  17 orcs
  A bat (D:1)
  18 endoplasms
  9 giant cockroaches
  11 goblins
  5 hobgoblins
  5 jackals
  19 quokkas
  18 ball pythons
  16 frilled lizards
  3 kobolds
  3 rats
180 creatures vanquished.

Notes
Turn   | Place    | Note
-------+----------+-------------------------------------------
     0 | D:1      | dtburroughs the Gargoyle Berserker began the quest for the
                  | Orb.
     0 | D:1      | Reached XP level 1. HP: 14/14 MP: 1/1
   459 | D:1      | Reached XP level 2. HP: 14/19 MP: 2/2
  1148 | D:2      | Reached XP level 3. HP: 23/23 MP: 3/3
  1367 | D:2      | Reached XP level 4. HP: 28/29 MP: 4/4
  2051 | D:2      | Reached ** piety under Trog
  2145 | D:2      | Found a faded altar of an unknown god.
  2436 | D:2      | Reached XP level 5. HP: 26/33 MP: 5/5
  3146 | D:3      | Reached XP level 6. HP: 34/39 MP: 6/6
  3745 | D:4      | Identified the +5 scale mail of Beogh's Generosity {Dex+6}
  3941 | D:4      | Found a hide-covered altar of Uskayaw.
  4103 | D:4      | Reached *** piety under Trog
  4122 | D:4      | Noticed Eustachio
  4129 | D:4      | Killed Eustachio
  4130 | D:4      | Reached skill level 5 in Fighting
  4130 | D:4      | Reached XP level 7. HP: 44/44 MP: 7/7
  4404 | D:4      | Found Jaal's Overcharged Wands.
  4462 | D:4      | Found a snail-covered altar of Cheibriados.
  4864 | D:4      | Found a blossoming altar of Fedhas.
  4944 | D:5      | Entered Level 5 of the Dungeon
  4944 | D:5      | Found a staircase to the Ecumenical Temple.
  5288 | D:5      | Noticed a wyvern
  5304 | D:5      | Killed a wyvern
  5305 | D:5      | Reached skill level 5 in Maces & Flails
  5547 | D:5      | Reached skill level 1 in Axes
  5639 | D:5      | Reached skill level 1 in Evocations
  5708 | D:5      | Reached XP level 8. HP: 45/51 MP: 8/8
  5913 | D:5      | Found a sacrificial altar of Ru.
  6751 | D:6      | Found a glowing drain.
  6756 | Sewer    | Entered a sewer
  6852 | Sewer    | Reached skill level 5 in Armour
  6897 | Sewer    | Reached **** piety under Trog
  7804 | D:6      | Found a radiant altar of Vehumet.
  8395 | D:6      | Identified the +1 ring mail of Goares {+Inv rElec Dex+4}
  8580 | D:7      | Noticed a skeletal warrior
  8610 | D:7      | HP: 2/52 [skeletal warrior[a skeletal warrior] (3)]
  8611 | D:7      | Slain by a skeletal warrior

Illustrated notes

Levels and vault maps discovered:
D:1:      elethiomel_arrival_infinity_welcomes_careful_drivers,
          layout_loops_ring, hangedman_decor_diamond_cutter
D:2:      layout_basic, hellmonk_ecumenical_altar_dog_temple
D:3:      layout_basic, minmay_misc_feat_doors
D:4:      layout_loops_ring, marbit_many_paths, mainiacjoe_overflow_alcove_2,
          eat_drink_and_be_merry_uskayaw, nicolae_shop_overcharged_wands,
          uniq_eustachio
D:5:      layout_basic, general_overflow_altar, minmay_temple_entry_stoned_glass
D:6:      layout_loops_ring, vehumet_crystals, gup_sewer_entry_bowl
D:7:      layout_layer_cave, kennysheep_mini, lemuel_tele_altar,
          minmay_misc_feat_tower, corexii_leaking_fountain

Skill      XL: |  1  2  3  4  5  6  7  8 |
---------------+-------------------------+-----
Dodging        | 2 3 4 |  4.5
Fighting       | 4 5 6 |  6.5
Armour         | 3 4 5 |  5.3
Maces & Flails | 4 5 6 |  6.0
Axes           | 1 2 |  2.1
Evocations     | 1 2 |  2.1

Action                   |  1- 3 |  4- 6 |  7- 9 || total
-------------------------+-------+-------+-------++-------
Melee: Mace              |    51 |   256 |   384 ||   691
Invok: Trog's Hand       |       |     2 |     1 ||     3
       Berserk           |       |     1 |     1 ||     2
 Stab: Sleeping          |     1 |       |       ||     1
Armor: Animal skin       |     5 |       |       ||     5
       Ring mail         |    16 |   100 |       ||   116
       Scale mail        |       |    11 |   253 ||   264
Dodge: Dodged            |    25 |   152 |   306 ||   483
